 Dungeon Crawl Stone Soup version 0.17-a0-1-g1f4be75 (webtiles) character file.

79 McCoppin the Sneak (level 4, -2/21 HPs)
             Began as a Felid Monk on Mar 8, 2015.
             Killed from afar by a bat (23 damage)
             ... with an exploding inner flame
             ... hexed by the player character
             ... on level 2 of the Dungeon.
             The game lasted 00:14:28 (3055 turns).

McCoppin the Sneak (Felid Monk)                     Turns: 3055, Time: 00:14:28

Health: -2/21      AC:  1    Str:  7    XL:     4   Next: 16%
Magic:  7/7        EV: 20    Int: 11    God:
Gold:   137        SH:  0    Dex: 19    Spells: 0 memorised, 3 levels left
                                        Lives:  0   Deaths: 1

rFire  . . .     SeeInvis +       - Unarmed
rCold  + . .     Clarity  .     (armour unavailable)
rNeg   . . .     SustAb   .     (shield unavailable)
rPois  +         Gourm    .     (helmet unavailable)
rElec  .         Spirit   .     (cloak unavailable)
rCorr  .         Warding  .     (gloves unavailable)
rMut   .         Stasis   .     (boots unavailable)
MR     .....                    (no amulet)
Stlth  +++++.....               d - ring of protection from cold
                                c - ring of poison resistance

@: quick, not resistant to hostile enchantments, quite stealthy
A: paw claws, no armour, no weapons or thrown items, fangs 3, see invisible,
carnivore 3, speed 1, shaggy fur 1, slow metabolism 1, sharp paws
a: no special abilities


You were on level 2 of the Dungeon.
You were not hungry.

You visited 1 branch of the dungeon, and saw 4 of its levels.

You collected 137 gold pieces.

Inventory:

Jewellery
 c - a ring of poison resistance (left paw)
 d - a ring of protection from cold (right paw)
 h - an uncursed ring of ice
Magical devices
 e - a wand of magic darts (22)
 g - a wand of invisibility (0)
Scrolls
 i - a scroll of identify
Potions
 a - a potion of curing
Comestibles
 b - 3 meat rations
 f - 2 chunks of flesh


   Skills:
 - Level 3.0 Fighting
 - Level 4.0 Dodging
 + Level 7.6 Stealth
 - Level 4.0 Unarmed Combat


You had 3 spell levels left.
You didn't know any spells.

Dungeon Overview and Level Annotations

Branches:
Dungeon (4/15)
 Temple: D:4-7

Altars:
Fedhas
Nemelex Xobeh
Yredelemnul
Zin

Annotations:
D:4 ZiggyStardust's ghost, average OpTm


Innate Abilities, Weirdness & Mutations

You cannot wear armour.
You are incapable of wielding weapons or throwing items.
You have razor-sharp teeth.
You have supernaturally acute eyesight.
You are carnivorous and can eat meat at any time.
You cover ground quickly.
You are covered in fur (AC +1).
You have a slow metabolism.
Your paws have sharp claws that are effective at stabbing.


Message History

The adder barely misses you.
You claw the adder!
You kill the adder!
No target in view!
No target in view!
You found a shaft!
There is a shaft here.
j - a scroll labeled FUOS RYBOO A bat comes into view.
Read which item? (? for menu, Esc to quit)
As you read the scroll labeled FUOS RYBOO, it crumbles to dust.
The creatures around you are filled with an inner flame!
It was a scroll of immolation.
A bat is nearby!
Found a cyan potion.
You scratch the bat.
The bat explodes!
The fiery explosion engulfs you!
Ouch! That really hurt!
You die...

## #. #. #. #######
#. #.....#
#.##§#####.###.#
#..§§@.....# #.#
####§§###### #.# #
..!..# #.####### .# #
#####.# #..^.....
.#.# #.# ########.
.... #.# ###. ...#
##.#############...
.#
#...##.....)....†..
##
###........#######.##


There were no monsters in sight!

Vanquished Creatures
  A hound (D:4)
  7 adders
  2 worms
  A giant gecko (D:1)
  An orc (D:3)
  2 ball pythons (D:3)
  2 giant cockroaches (D:3)
  5 goblins
  4 hobgoblins
  A jackal (D:3)
  A quokka (D:2)
  5 bats
  2 giant newts
  5 kobolds
  2 rats
41 creatures vanquished.

Notes
Turn   | Place    | Note
--------------------------------------------------------------
     0 | D:1      | McCoppin, the Felid Monk, began the quest for the Orb.
     0 | D:1      | Reached XP level 1. HP: 10/10 MP: 2/2
   556 | D:1      | Reached XP level 2. HP: 14/14 MP: 3/3
   903 | D:2      | Found a basalt altar of Yredelemnul.
  1010 | D:3      | Reached skill level 5 in Stealth
  1010 | D:3      | Reached XP level 3. HP: 10/17 MP: 5/5
  1590 | D:4      | Noticed a phantom
  1744 | D:4      | Reached skill level 6 in Stealth
  1744 | D:4      | Reached XP level 4. HP: 8/21 MP: 7/7
  2037 | D:4      | Noticed ZiggyStardust's ghost (average OpTm)
  2198 | D:3      | Reached skill level 7 in Stealth
  2465 | D:3      | Found a sparkling altar of Nemelex Xobeh.
  2471 | D:3      | Found a glowing silver altar of Zin.
  2480 | D:3      | Found a blossoming altar of Fedhas.
  2644 | D:4      | Noticed an ogre
  2648 | D:4      | Mangled by an ogre
  2649 | D:4      | Reached XP level 3. HP: -7/17 MP: 5/5
  2826 | D:2      | Reached XP level 4. HP: 21/21 MP: 7/7
  3055 | D:2      | Killed from afar by a bat

Action                   |  1- 3 |  4- 6 || total
-------------------------+-------+-------++-------
Melee: Unarmed           |    85 |    46 ||   131
Evoke: Wand              |       |     2 ||     2
  Use: Potion            |     4 |       ||     4
       Scroll            |     1 |     3 ||     4
 Stab: Sleeping          |     4 |     3 ||     7
       Invisible         |       |     3 ||     3
  Eat: Chunk             |     2 |     7 ||     9
